AoeStats
← Level 2 Slime

Arabia

510905002Analyzed
3v3 RM · 7h ago on Oct 3, 2026· 44m 42s· 6 players
Game mode
Random Map
Map size
Normal (6 player)
Population
200
Speed
Normal
Resources
Standard
Victory
Conquest
Starting age
Dark Age
Ending age
Imperial Age
RankedLock teamsTeams togetherTeam positionsShared explorationLock speedFull tech treeHidden civsTurbo modeCheats
Victory
Defeat
🇵🇪 Sicilians · Peru
1095
+18
🇩🇿 Teutons · Algeria
1094
+18
🇺🇸 Hindustanis · United States
1083
+18
🇺🇾 Berbers · Uruguay
1142
-18
🇺🇸 Danes · United States
1126
-18
🇺🇸 Teutons · United States
1123
-18
Level 2 Slime
7:02 Loom
10:50 Feudal Age
12:54 Man-at-Arms
18:52 Double-Bit Axe
19:49 Horse Collar
25:15 Castle Age
27:47 Bow Saw
27:40 Heavy Plow
28:52 Wheelbarrow
28:46 Pikeman
30:58 Hand Cart
30:28 Town Watch
33:26 Fletching
33:39 Padded Archer Armor
34:46 Gold Mining
34:46 Stone Mining
35:00 Bodkin Arrow
35:21 Leather Archer Armor
36:32 Gold Shaft Mining
36:32 Stone Shaft Mining
39:01 Imperial Age
37:09 Ballistics
36:45 Murder Holes
37:58 Masonry
37:51 Scale Mail Armor
38:02 Forging
38:01 Scale Barding Armor
37:57 Scale Mail Armor
38:40 Town Patrol
39:49 Iron Casting
39:31 Squires
40:50 Two-Man Saw
39:55 Shatagni
41:31 Chemistry
41:30 Ring Archer Armor
41:42 Conscription
43:05 Grand Trunk Road
ReverbMate
10:29 Feudal Age
10:56 Double-Bit Axe
11:46 Loom
15:11 Horse Collar
19:45 Fletching
25:19 Castle Age
25:26 Forging
25:21 Gold Mining
25:22 Stone Mining
26:12 Bodkin Arrow
26:42 Bow Saw
26:43 Heavy Plow
28:38 Gold Shaft Mining
27:55 Crossbowman
28:36 Town Watch
32:29 Scale Barding Armor
33:06 Wheelbarrow
33:31 Pikeman
37:04 Chain Barding Armor
38:26 Iron Casting
39:40 Padded Archer Armor
40:22 Husbandry
40:34 Bloodlines
40:32 Scale Mail Armor
44:02 Hand Cart
43:48 Town Patrol
44:53 Leather Archer Armor
ayoubDZtv
3:25 Loom
10:30 Feudal Age
14:47 Castle Age
13:25 Double-Bit Axe
14:01 Horse Collar
16:03 Gold Mining
22:13 Scale Barding Armor
23:15 Bloodlines
22:57 Pikeman
24:40 Forging
24:58 Chain Barding Armor
26:21 Scale Mail Armor
27:41 Forging
29:13 Iron Casting
32:07 Fletching
33:54 Bodkin Arrow
36:41 Chain Mail Armor
37:14 Wheelbarrow
37:22 Squires
37:07 Arson
37:10 Gambesons
39:28 Ballistics
38:56 Town Watch
42:38 Imperial Age
40:24 Hand Cart
40:28 Masonry
43:41 Coinage
44:25 Chemistry
42:51 Capped Ram
43:00 Halberdier
44:16 Plate Mail Armor
45:45 Blast Furnace
rampage943
4:54 Loom
10:58 Feudal Age
23:05 Gold Mining
27:11 Castle Age
25:15 Horse Collar
29:56 Bloodlines
31:57 Forging
35:21 Pikeman
37:19 Wheelbarrow
39:47 Fletching
39:57 Padded Archer Armor
42:30 Ironclad
43:15 Stone Mining
43:12 Double-Bit Axe
bkup
7:16 Loom
11:06 Feudal Age
12:04 Man-at-Arms
12:44 Arson
14:18 Horse Collar
14:25 Double-Bit Axe
20:31 Scale Mail Armor
20:42 Forging
24:08 Castle Age
24:59 Squires
24:44 Long Swordsman
25:10 Gambesons
27:49 Iron Casting
27:32 Chain Mail Armor
34:08 Sanctity
34:55 Town Watch
35:47 Wheelbarrow
35:28 Bow Saw
40:29 Heavy Plow
43:45 Imperial Age
43:59 Ballistics
43:50 Masonry
44:17 Iron Casting
43:33 Fletching
43:44 Padded Archer Armor
44:57 Hand Cart
44:43 Town Patrol
Moe
12:52 Feudal Age
12:42 Loom
13:39 Gold Mining
18:40 Castle Age
16:40 Horse Collar
16:54 Double-Bit Axe
17:46 Scale Barding Armor
19:39 Bloodlines
19:29 Husbandry
20:32 Wheelbarrow
19:44 Loom
21:04 Chain Barding Armor
24:55 Town Watch
25:26 Hand Cart
27:11 Forging
41:40 Bow Saw
41:51 Heavy Plow
44:17 Fletching
44:28 Padded Archer Armor
Connection lost

Rejoining the realm…

Still unreachable

The connection could not be restored.

Session expired

The server has moved on; the page needs a fresh start.